 Dungeon Crawl Stone Soup version 0.25.1-2-g60ff931df9 (webtiles) character file.

Game seed: 14846248546615687518

206 Peloso the Shield-Bearer (level 5, -5/47 HPs)
             Began as a Minotaur Fighter on July 31, 2020.
             Slain by an ogre
             ... wielding a +0 giant club
              (15 damage)
             ... on level 4 of the Dungeon.
             The game lasted 00:05:40 (3128 turns).

Peloso the Shield-Bearer (Minotaur Fighter)         Turns: 3128, Time: 00:05:40

Health: -5/47      AC: 11    Str: 20    XL:     5   Next: 53%
Magic:  4/4        EV:  4    Int:  5    God:
Gold:   192        SH: 10    Dex: 11    Spells: 4/4 levels left

rFire    . . .     SeeInvis .   a - +0 long sword
rCold    . . .     Gourm    .   c - +0 kite shield
rNeg     . . .     Faith    .   w - +0 plate armour
rPois    .         Spirit   .   (helmet restricted)
rElec    .         Reflect  .   g - scarf {repulsion}
rCorr    .         Harm     .   (no gloves)
MR       .....                  (no boots)
Stlth    ..........             r - amulet of magic regeneration
HPRegen  0.15/turn              e - ring of stealth
MPRegen  0.34/turn              (no ring)

@: repel missiles
A: retaliatory headbutt, horns 2
a: no special abilities


You were on level 4 of the Dungeon.
You were not hungry.

You visited 1 branch of the dungeon, and saw 4 of its levels.

You collected 192 gold pieces.

Inventory:

Hand Weapons
 a - a +0 long sword (weapon)
 b - a +2 whip of electrocution
Armour
 c - a +0 kite shield (worn)
 g - a scarf of repulsion (worn)
 n - a +0 scale mail
 w - a +0 plate armour (worn)
Jewellery
 e - a ring of stealth (left hand)
 r - an amulet of magic regeneration (around neck)
Scrolls
 i - a scroll of fog {unknown}
 j - a scroll of enchant armour {unknown}
 k - a scroll of random uselessness {unknown}
 l - a scroll of blinking {unknown}
 m - a scroll of enchant weapon {unknown}
 o - a scroll of teleportation {unknown}
 q - 3 scrolls of remove curse {unknown}
 s - a scroll of magic mapping {unknown}
 t - 3 scrolls of identify {unknown}
Potions
 d - a potion of might
 h - a potion of flight {unknown}
 p - a potion of berserk rage
 u - a potion of heal wounds {unknown}
 v - 2 potions of curing {unknown}
Comestibles
 f - 8 rations


   Skills:
 + Level 4.8 Fighting
 + Level 4.0 Long Blades
 + Level 4.3 Armour
 + Level 1.6 Dodging
 + Level 0.1 Stealth
 + Level 5.0 Shields


You had 4 spell levels left.
You didn't know any spells.
Your spell library was empty.

Dungeon Overview and Level Annotations

Branches:
Dungeon (4/15)
 Temple: D:4-7

Altars:
Nemelex Xobeh


Innate Abilities, Weirdness & Mutations

You reflexively headbutt those who attack you in melee.
You have a pair of horns on your head.


Message History

You hit the giant cockroach.
The giant cockroach is severely wounded.
The giant cockroach bites you but does no damage. x2
Your shield and plate armour prevent you from hitting the giant cockroach.
The giant cockroach is severely wounded.
The ogre hits you with a +0 giant club!!
The giant cockroach bites you but does no damage.
You barely miss the ogre. You block the giant cockroach's attack.
The ogre barely misses you.
You riposte.
You hit the ogre.
The ogre is lightly wounded.
You closely miss the ogre.
The ogre is lightly wounded.
The giant cockroach bites you but does no damage.
The ogre hits you with a +0 giant club!!
* * * LOW HITPOINT WARNING * * *
You block the giant cockroach's attack.
You hit the ogre. You headbutt the ogre.
The ogre is moderately wounded.
You block the giant cockroach's attack. The ogre hits you with a +0 giant club!
You die...

#.=...# #.....#
#.....####+ #
#.......... # #.
+...$......
#.##O#..........
#.......<#
###.##O##
#.s@..# #######


You could see an ogre and a giant cockroach.

Vanquished Creatures
  An orc wizard (D:2)
  A worker ant (D:3)
  6 adders
  A howler monkey skeleton (D:2)
  A worm (D:3)
  2 dart slugs (D:1)
  3 leopard geckos
  7 orcs
  6 bats
  A giant cockroach (D:1)
  14 goblins
  11 hobgoblins
  2 jackals (D:1)
  9 kobolds
  2 quokkas (D:2)
  A ball python (D:1)
  5 frilled lizards
  3 rats
76 creatures vanquished.

Notes
Turn   | Place    | Note
-------+----------+-------------------------------------------
     0 | D:1      | Peloso the Minotaur Fighter began the quest for the Orb.
     0 | D:1      | Reached XP level 1. HP: 19/19 MP: 0/0
   195 | D:1      | Reached skill level 4 in Shields
   195 | D:1      | Reached XP level 2. HP: 18/27 MP: 1/1
   487 | D:1      | Reached XP level 3. HP: 20/33 MP: 2/2
  1061 | D:2      | Reached XP level 4. HP: 19/40 MP: 3/3
  1350 | D:2      | Reached skill level 1 in Dodging
  2083 | D:3      | Reached XP level 5. HP: 47/47 MP: 4/4
  2206 | D:3      | Reached skill level 5 in Shields
  2677 | D:3      | Found a sparkling altar of Nemelex Xobeh.
  3121 | D:4      | Noticed an ogre
  3128 | D:4      | Slain by an ogre

Illustrated notes

Levels and vault maps discovered:
D:1:      roderic_crossed_star, layout_rooms, minmay_pentomino_p4
D:2:      layout_loops_corners
D:3:      corexii_shack_village, layout_rooms, nemelex_altar_shiori
D:4:      layout_basic, minmay_temple_entry_proselytizer, uniq_purgy, uniq_robin

Skill      XL: |  1  2  3  4  5 |
---------------+----------------+-----
Shields        | 4 5 |  5.0
Fighting       | 4 |  4.8
Armour         | 4 |  4.3
Long Blades    | 3 4 |  4.0
Dodging        | 1 |  1.6
Stealth        | |  0.1

Action                   |  1- 3 |  4- 6 || total
-------------------------+-------+-------++-------
Melee: Long sword        |    99 |   105 ||   204
       Headbutt          |    16 |    15 ||    31
  Use: Potion            |       |     1 ||     1
  Eat: Chunk             |     1 |     6 ||     7
Armor: Scale mail        |    45 |    27 ||    72
       Plate armour      |       |    23 ||    23
Dodge: Dodged            |    35 |    24 ||    59
Block: Kite shield       |    77 |    61 ||   138
       Rpst.: Long sword |    12 |    11 ||    23
